 Dungeon Crawl Stone Soup version 0.17-a0-1115-g0372368 (webtiles) character file.

933 Hanyuu the Martial Artist (level 8, -2/48 HPs)
             Began as an Octopode Transmuter on May 24, 2015.
             Was a Believer of Makhleb.
             Killed from afar by an orc wizard (8 damage)
             ... with a magic dart
             ... on level 5 of the Dungeon.
             The game lasted 00:14:36 (4708 turns).

Hanyuu the Martial Artist (Octopode Transmuter)     Turns: 4708, Time: 00:14:36

Health: -2/48      AC:  2    Str: 11    XL:     8   Next: 11%
Magic:  8/11       EV: 20    Int: 17    God:    Makhleb [**....]
Gold:   313        SH:  0    Dex: 18    Spells: 3 memorised, 5 levels left

rFire  . . .     SeeInvis .       - Unarmed
rCold  . . .     Clarity  +     (shield currently unavailable)
rNeg   . . .     SustAt   .     (helmet currently unavailable)
rPois  x         Gourm    .     (no amulet)
rElec  .         Spirit   .     n - ring of teleportation
rCorr  .         Warding  .     r - +2 ring of strength
rMut   .         Rnd*Tele +     (no ring)
MR     .....                    (no ring)
Stlth  ++........               (no ring)
                                (no ring)
                                (no ring)
                                (no ring)

@: spider-form, not resistant to hostile enchantments, unstealthy
A: almost no armour, amphibious, 8 rings, (constrict 8), (slimy green scales 0),
(camouflage 0), clarity, (cold resistance 0), (gelatinous body 0)
a: End Transformation, Minor Destruction, Renounce Religion, Evoke Teleportation


You were on level 5 of the Dungeon.
You worshipped Makhleb.
Makhleb was pleased with you.
You were not hungry.
You were a venomous arachnid creature.
You visited 1 branch of the dungeon, and saw 5 of its levels.

You collected 313 gold pieces.

Inventory:

Missiles
 a - 121 arrows
 e - 10 poisoned needles
 h - 2 tomahawks (quivered)
Jewellery
 n - a ring of teleportation (left front leg)
 r - a +2 ring of strength (right front leg)
Scrolls
 g - a scroll of fear
 i - a scroll of immolation
 q - 2 scrolls of teleportation
Potions
 d - a potion of magic
 m - a potion of agility
 p - a potion of ambrosia
Books
 b - a book of Changes

   Spells                             Type                      Level
   a - Beastly Appendage              Transmutation                1
   b - Sticks to Snakes               Transmutation                2
   c - Spider Form                    Transmutation/Poison         3
   d - Ice Form                       Ice/Transmutation            4
   e - Blade Hands                    Transmutation                5
 l - a book of Control

   Spells                             Type                      Level
   a - Control Teleport               Charms/Translocation         4
   b - Control Undead                 Necromancy                   4
   c - Metabolic Englaciation         Hexes/Ice                    5
   d - Mass Confusion                 Hexes                        6
Comestibles
 c - 7 bread rations
 f - 2 beef jerkies
 j - 10 chunks of flesh
 k - a royal jelly
 o - a meat ration


   Skills:
 + Level 1.0 Fighting
 + Level 2.2 Dodging
 * Level 8.6 Unarmed Combat
 - Level 2.0 Spellcasting
 - Level 4.2 Transmutations
 - Level 1.0 Poison Magic


You had 5 spell levels left.
You knew the following spells:

 Your Spells              Type           Power        Failure   Level  Hunger
a - Beastly Appendage     Trmt           ###...       12%         1    #......
b - Sticks to Snakes      Trmt           ###.......   17%         2    ###....
c - Spider Form           Trmt/Pois      ##........   41%         3    ###....


Dungeon Overview and Level Annotations

Branches:
Dungeon (5/15)
 Temple: D:4-7

Altars:
Kikubaaqudgha
Makhleb
Sif Muna
Vehumet
Zin


Innate Abilities, Weirdness & Mutations

You cannot wear most types of armour.
You are amphibious.
You can wear up to eight rings at the same time.
((You can use your tentacles to constrict eight enemies at once.))
((Your skin changes colour to match your surroundings (Stealth).))
((Your rubbery body absorbs attacks (AC +1).))
((You are partially covered in slimy green scales (AC +2).))
You possess an exceptional clarity of mind.
((Your flesh is cold resistant.))


Message History

You turn into a venomous arachnid creature.
The orc wizard gestures at you while chanting.
The magic dart hits you!
* * * LOW HITPOINT WARNING * * *
You hit the orc.
The orc is almost dead.
The orc wizard barely misses you.
The orc hits you with a dagger of speed.
* * * LOW HITPOINT WARNING * * *
You barely miss the orc.
The orc is almost dead.
The orc wizard completely misses you. The orc closely misses you.
You completely miss the orc wizard. The orc wizard completely misses you.
The orc wizard misses you.
The orc hits you with a dagger of speed.
* * * LOW HITPOINT WARNING * * *
You barely miss the orc wizard.
The orc wizard gestures at you while chanting.
The magic dart hits you!
You die...

#.... #>.... ## #..#..
.. # ...###. .### #[.
... ## ..#####.. ####
###...o.. #.#
####...##o##....#
#######.......so.......
.
...............[...####
# #######...........#.#
# #.......#.......### #
# ##.########.....## #
...# ####.....## # ####
#.........# # #
#.#...(...# ### #.
#...)...# #.# #####..


You could see an orc wizard and 2 orcs.

Vanquished Creatures
  Edmund (D:5)
  An ogre (D:5)
  The ghost of asdu the Poker, an average DsAK of Lugonu (D:4)
  Blork the orc (D:5)
  A centaur (D:5)
  A hound (D:2)
  A giant frog skeleton (D:5)
  3 orc priests (D:4)
  2 orc wizards (D:3)
  5 worker ants
  11 adders
  2 oozes
  A worm (D:2)
  5 giant geckos
  10 orcs
  A ball python (D:5)
  10 bats
  A bat skeleton (D:4)
  5 giant cockroaches
  7 goblins
  6 hobgoblins
  6 jackals
  4 giant newts
  A jackal skeleton (D:4)
  8 kobolds
  A quokka (D:5)
  A quokka skeleton (D:4)
  5 rats
102 creatures vanquished.

Notes
Turn   | Place    | Note
--------------------------------------------------------------
     0 | D:1      | Hanyuu the Octopode Transmuter began the quest for the Orb.
     0 | D:1      | Reached XP level 1. HP: 13/13 MP: 3/3
   255 | D:1      | Reached XP level 2. HP: 18/18 MP: 5/5
   691 | D:1      | Reached skill level 4 in Unarmed Combat
   782 | D:1      | Reached XP level 3. HP: 21/23 MP: 4/6
   786 | D:1      | Learned a level 2 spell: Sticks to Snakes
   790 | D:1      | Learned a level 3 spell: Spider Form
   990 | D:2      | Found an ancient bone altar of Kikubaaqudgha.
  1133 | D:2      | Found a deep blue altar of Sif Muna.
  1133 | D:2      | Found a radiant altar of Vehumet.
  1331 | D:2      | Reached XP level 4. HP: 21/28 MP: 7/7
  1721 | D:2      | Reached skill level 5 in Unarmed Combat
  1722 | D:2      | Found a burning altar of Makhleb.
  1728 | D:2      | Became a worshipper of Makhleb the Destroyer
  2082 | D:3      | Reached XP level 5. HP: 33/33 MP: 8/8
  2412 | D:3      | Acquired Makhleb's first power
  2781 | D:3      | Gained mutation: You are partially covered in slimy green scales (AC +2). [potion of mutation]
  2781 | D:3      | Gained mutation: Your flesh is cold resistant. [potion of mutation]
  2781 | D:3      | Gained mutation: You possess an exceptional clarity of mind. [potion of mutation]
  2842 | D:4      | Noticed asdu's ghost (average DsAK)
  2847 | D:4      | Reached skill level 6 in Unarmed Combat
  2973 | D:3      | Reached XP level 6. HP: 35/38 MP: 2/9
  3367 | D:4      | Reached skill level 7 in Unarmed Combat
  3374 | D:4      | Killed asdu's ghost
  3375 | D:4      | Reached XP level 7. HP: 14/43 MP: 7/10
  3824 | D:4      | Acquired Makhleb's second power
  4146 | D:4      | Reached skill level 8 in Unarmed Combat
  4292 | D:5      | Entered Level 5 of the Dungeon
  4332 | D:5      | Noticed Edmund
  4343 | D:5      | Killed Edmund
  4661 | D:5      | Found a glowing silver altar of Zin.
  4662 | D:5      | Noticed an angel
  4662 | D:5      | Noticed Blork the orc
  4676 | D:5      | Killed Blork the orc
  4676 | D:5      | Reached skill level 1 in Poison Magic
  4676 | D:5      | Reached XP level 8. HP: 11/48 MP: 8/11
  4708 | D:5      | Killed from afar by an orc wizard

Vault maps used:
D:1:      co_arrival_square_in_a_square_in_a_square, serial_glass,
          glass_columns_a, glass_columns_a, glass_columns_a, glass_columns_a
D:2:      old_standard_altar, makhleb_blood_cavern_becter,
          gammafunk_temple_overflow_wave
D:3:      first_bread
D:5:      zin_angel, uniq_edmund, uniq_blork_the_orc, uniq_sigmund

Action                   |  1- 3 |  4- 6 |  7- 9 || total
-------------------------+-------+-------+-------++-------
Melee: Unarmed           |    63 |   105 |    97 ||   265
 Cast: Spider Form       |       |     6 |     5 ||    11
       Beastly Appendage |       |     1 |       ||     1
  Use: Scroll            |       |     8 |     6 ||    14
       Potion            |       |     5 |       ||     5
 Stab: Sleeping          |     3 |     1 |     4 ||     8
  Eat: Chunk             |     1 |     8 |     5 ||    14
